 Dungeon Crawl Stone Soup version 0.29.1-1-gd02db6906a (webtiles) character file.

Game seed: 11824586231824802462

772 Inkqb5 the Cleaver (level 7, -7/57 HPs)
             Began as a Minotaur Berserker on Oct 8, 2022.
             Was a Priest of Trog.
             Mangled by an ogre
             ... wielding a +0 giant club
              (35 damage)
             ... on level 5 of the Dungeon.
             The game lasted 00:10:58 (6214 turns).

Inkqb5 the Cleaver (Minotaur Berserker)             Turns: 6214, Time: 00:10:59

Health: -7/57      AC:  6    Str: 24    XL:     7   Next: 53%
Magic:  6/6        EV: 10    Int:  4    God:    Trog [***...]
Gold:   163        SH:  0    Dex:  9    Spells: 6/6 levels left

rFire   + . .      SeeInvis .   c - +3 mace
rCold   . . .      Faith    .   (no shield)
rNeg    . . .      Spirit   .   a - +0 scale mail
rPois   +          Reflect  .   (helmet restricted)
rElec   .          Harm     .   (no cloak)
rCorr   .          Rampage  .   (no gloves)
Will    .....                   (no boots)
Stlth   ..........              (no amulet)
HPRegen 0.19/turn               g - ring of poison resistance
MPRegen 0.10/turn               j - ring of protection from fire

@: no status effects
A: horns 2, retaliatory headbutt
a: Renounce Religion, Berserk, Trog's Hand


You were on level 5 of the Dungeon.
You worshipped Trog.
Trog was most pleased with you.
You visited 1 branch of the dungeon, and saw 5 of its levels.

You collected 163 gold pieces.

Inventory:

Hand Weapons
 c - a +3 mace (weapon)
Missiles
 i - a throwing net (quivered)
Armour
 a - a +0 scale mail (worn)
Jewellery
 g - a ring of poison resistance (left hand)
 j - a ring of protection from fire (right hand)
Scrolls
 b - 4 scrolls of identify
 e - a scroll of enchant weapon {unknown}
 k - 4 scrolls of teleportation
 m - a scroll of brand weapon {unknown}
 r - a scroll of enchant armour {unknown}
Potions
 d - 2 potions of might {unknown}
 f - 2 potions of curing
 h - 2 potions of heal wounds
 l - a potion of experience {unknown}
 n - a potion of haste {unknown}
 o - a potion of flight {unknown}


   Skills:
 - Level 3.6 Fighting
 + Level 10.7 Axes
 - Level 2.4 Armour
 - Level 2.1 Dodging


You had 6 spell levels left.
You didn't know any spells.
Your spell library was empty.

Dungeon Overview and Level Annotations

Branches:
Dungeon (5/15)             Temple (0/1) D:4

Altars:
Fedhas
Vehumet

Shops:
D:1 [

Annotations:
D:2 1 runed translucent door, Crazy Yiuf


Innate Abilities, Weirdness & Mutations

You have a pair of horns on your head.
You reflexively headbutt those who attack you in melee.


Message History

The ogre barely misses you.
You sock the ogre!
The ogre is heavily wounded.
The ogre hits you with a +0 giant club!!
You hit the ogre.
The ogre is severely wounded.
The ogre barely misses you.
You sock the ogre!
The ogre is almost dead.
You hit the ogre.
You kill the ogre!
Trog accepts your kill.
You start resting.
A worm comes into view.
A worm is nearby!
You see here a +0 short sword.
You start resting.
HP restored.
You start waiting.
Done waiting.
Found 6 stones.
Found a stone staircase leading down.
o - a metallic yellow potion You now have 163 gold pieces (gained 10).
An ogre comes into view. It is wielding a +0 giant club.
The ogre shouts!
You sock the ogre!
The ogre is heavily wounded.
The ogre closely misses you.
You sock the ogre!
The ogre is almost dead.
The ogre hits you with a +0 giant club!!
Ouch! That really hurt!
You are too injured to fight recklessly!
You are too injured to fight recklessly!
You barely miss the ogre.
The ogre is almost dead.
The ogre hits you with a +0 giant club!!
Ouch! That really hurt!
You die...

#####
###########.... .#
#...........# .#
#.###.#.###.# .###
#.##.###.##.# ...
#.#.## ##.#.# ##.#
#.##.###.##.####..#
#.....#...........#
#..###.###.###.#@##
...# ### #.# #.#O#
##.# #.# #.#.# ...#
#.. ..... ##.###
#.###.#.# ##.#.##
#..>..#.#
##..#.####.#####.#
...###...........#
###.#.#...########


You could see an ogre.

Vanquished Creatures
  A wyvern (D:5)
  A water moccasin (D:3)
  An ogre (D:5)
  A phantom (D:4)
  A scorpion (D:4)
  A jelly (D:4)
  An iguana (D:4)
  Robin (D:4)
  4 gnolls (D:4)
  10 adders
  An ufetubus (D:4)
  A dart slug (D:2)
  14 orcs
  10 endoplasms
  3 giant cockroaches
  18 goblins
  9 hobgoblins
  2 quokkas
  5 ball pythons
  6 bats
  5 frilled lizards
  5 kobolds
  7 rats
108 creatures vanquished.

Notes
Turn   | Place    | Note
-------+----------+-------------------------------------------
     0 | D:1      | Inkqb5 the Minotaur Berserker began the quest for the Orb.
     0 | D:1      | Reached XP level 1. HP: 19/19 MP: 0/0
    64 | D:1      | Reached skill level 4 in Axes
   116 | D:1      | Found Eckoled's Armour Shoppe.
   474 | D:1      | Reached XP level 2. HP: 26/26 MP: 1/1
  1213 | D:2      | Reached skill level 5 in Axes
  1236 | D:2      | Reached XP level 3. HP: 26/31 MP: 2/2
  1421 | D:2      | Reached ** piety under Trog
  1558 | D:2      | Found a faded altar of an unknown god.
  1922 | D:2      | Found a runed translucent door.
  1923 | D:2      | Noticed Crazy Yiuf
  2134 | D:3      | Reached XP level 4. HP: 37/39 MP: 3/3
  2164 | D:3      | Reached skill level 6 in Axes
  3074 | D:4      | Noticed a water moccasin
  3083 | D:3      | Killed a water moccasin
  3084 | D:3      | Reached skill level 7 in Axes
  3084 | D:3      | Reached XP level 5. HP: 45/45 MP: 4/4
  3366 | D:4      | Found a staircase to the Ecumenical Temple.
  3756 | D:4      | Found a radiant altar of Vehumet.
  3756 | D:4      | Found a blossoming altar of Fedhas.
  3957 | D:4      | Reached skill level 8 in Axes
  4007 | D:4      | Noticed a phantom
  4048 | D:4      | Reached XP level 6. HP: 39/51 MP: 5/5
  4609 | D:4      | Reached *** piety under Trog
  4681 | D:4      | Reached skill level 9 in Axes
  4835 | D:4      | Noticed Robin
  4845 | D:4      | Killed Robin
  5025 | D:4      | Reached XP level 7. HP: 36/57 MP: 6/6
  5677 | D:5      | Entered Level 5 of the Dungeon
  5699 | D:5      | Noticed a wyvern
  5711 | D:5      | Killed a wyvern
  5712 | D:5      | Reached skill level 10 in Axes
  6214 | D:5      | Mangled by an ogre

Illustrated notes

Levels and vault maps discovered:
D:1:      wander_arrival_chamber, layout_loops_corners, serial_shops,
          nicolae_shop_window_shopping
D:2:      layout_loops_ring, hellmonk_ecumenical_altar_heavens_door,
          nrook_uturn, uniq_crazy_yiuf_cottage
D:3:      layout_basic
D:4:      layout_loops_corners, nicolae_overflow_two_pavilions,
          minmay_temple_entry_tees, minmay_snake_closets, uniq_robin
D:5:      layout_loops_ring

Skill      XL: |  1  2  3  4  5  6  7 |
---------------+----------------------+-----
Axes           | 4 5 7 8 9 10 | 10.7
Fighting       | |  3.6
Armour         | |  2.4
Dodging        | |  2.1

Action                   |  1- 3 |  4- 6 |  7- 9 || total
-------------------------+-------+-------+-------++-------
Melee: Hand axe          |     8 |       |       ||     8
       Mace              |    74 |   107 |    33 ||   214
       Headbutt          |     8 |    13 |     3 ||    24
       Punch             |       |     1 |       ||     1
Invok: Berserk           |     1 |     2 |     1 ||     4
       Trog's Hand       |       |     1 |     1 ||     2
  Use: Scroll            |     4 |     9 |       ||    13
Armor: Ring mail         |    28 |     9 |       ||    37
       Scale mail        |       |    38 |     8 ||    46
Dodge: Dodged            |    49 |    69 |    25 ||   143
